 Dungeon Crawl Stone Soup version 0.30.0-29-ga12c61a403 (webtiles) character file.

Game seed: 8534365859869035474

460 LustLizard the Conjurer (level 7, -5/45 HPs)
             Began as an Octopode Conjurer on June 23, 2023.
             Slain by a gnoll
             ... wielding a +0 whip
              (9 damage)
             ... on level 4 of the Dungeon.
             The game lasted 00:04:44 (4104 turns).

LustLizard the Conjurer (Octopode Conjurer)         Turns: 4104, Time: 00:04:44

Health: -5/45      AC:  1    Str:  8    XL:     7   Next: 7%
Magic:  1/11       EV: 13    Int: 21    God:
Gold:   200        SH:  0    Dex: 10    Spells: 7/12 levels left

rFire   . . .        (no weapon)
rCold   . . .        (no shield)
rNeg    . . .        (helmet restricted)
rPois   +            (no amulet)
rElec   .            r - ring of poison resistance
rCorr   .            (no ring)
SInv    .            (no ring)
Will    .....        (no ring)
Stlth   ++++         (no ring)
HPRegen 0.27/turn    (no ring)
MPRegen 0.12/turn    (no ring)
                     (no ring)

%: no passive effects
@: no status effects
A: almost no armour, amphibious, 8 rings, camouflage 1, gelatinous body 1,
(nimble swimmer 1), tentacles
a: no special abilities


You were on level 4 of the Dungeon.
You visited 1 branch of the dungeon, and saw 4 of its levels.

You collected 200 gold pieces.

Inventory:

Jewellery
 o - a ring of fire
 r - a ring of poison resistance (left tentacle)
Scrolls
 d - a scroll of noise {unknown}
 e - a scroll of poison {unknown}
 f - a scroll of vulnerability {unknown}
 h - 2 scrolls of identify
 i - a scroll of acquirement {unknown}
 j - 2 scrolls of magic mapping {unknown}
 k - 2 scrolls of teleportation {unknown}
 l - 3 scrolls of silence {unknown}
 n - a scroll of immolation {unknown}
 p - a scroll of enchant weapon {unknown}
 q - a scroll of fog {unknown}
 s - a scroll of fear {unknown}
Potions
 a - a potion of magic
 b - 3 potions of mutation
 c - 2 potions of lignification
 g - 3 potions of curing
 m - a potion of attraction {unknown}


   Skills:
 + Level 2.6 Fighting
 - Level 2.0 Dodging
 + Level 4.8 Stealth
 + Level 3.2 Spellcasting
 * Level 5.6 Conjurations
 * Level 2.8 Hexes


You had 7 spell levels left.
You knew the following spells:

 Your Spells              Type           Power      Damage    Failure   Level
a - Magic Dart            Conj           100%       1d8       1%          1
b - Fulminant Prism       Conj/Hex       10%        3d9       22%         4

Your spell library contained the following spells:

 Spells                   Type           Power      Damage    Failure   Level
 Searing Ray              Conj           54%        2d6       1%          2
 Dazzling Flash           Conj/Hex       42%        N/A       7%          3
 Stone Arrow              Conj/Erth      30%        3d8       12%         3
 Summon Small Mammal      Summ           12%        N/A       13%         1
 Summon Guardian Golem    Hex/Summ       9%         N/A       22%         3
 Call Canine Familiar     Summ           3%         N/A       36%         3
 Iskenderun's Mystic Bla  Conj/Tloc      15%        2d5       38%         4
 Manifold Assault         Tloc           3%         N/A       78%         4
 Dispersal                Tloc           1%         N/A       100%        6
 Disjunction              Tloc           1%         N/A       100%        8
 Lehudib's Crystal Spear  Conj/Erth      7%         10d3      100%        8
 Animate Armour           Summ/Erth      Unusable   N/A       N/A         4

Dungeon Overview and Level Annotations

Branches:
Dungeon (4/15)
 Temple: D:4-7

Altars:

Shops:
D:1 [


Innate Abilities, Weirdness & Mutations

You cannot wear most types of armour.
You are amphibious.
You can wear up to eight rings at the same time.
Your skin changes colour to match your surroundings (Stealth+).
Your rubbery body absorbs attacks. (AC +1, EV +1)
((You are camouflaged when in or above water. (Stealth+)))
You have tentacles for arms and can constrict up to eight enemies at once.


Message History

You kill the gnoll!
The magic dart hits the gnoll.
The gnoll is heavily wounded.
The magic dart hits the gnoll.
The gnoll is heavily wounded.
The magic dart hits the gnoll.
The gnoll is severely wounded.
The gnoll hits you with a +0 club!
The magic dart hits the gnoll!
You kill the gnoll!
The magic dart hits the gnoll but does no damage.
The gnoll hits you with a +0 whip!
The magic dart hits the gnoll.
The gnoll is heavily wounded.
The gnoll hits you from afar with a +0 spear!
The gnoll hits you with a +0 whip.
You are too injured to fight recklessly!
You are too injured to fight recklessly!
Unknown command.
Aiming: Magic Dart (safe; 1% risk of failure)
Press: ? - help, Q - select action Shift-Dir - straight line, f/p - gnoll
Aim: a gnoll, wielding a +0 whip (heavily wounded, 100% to hit)
The magic dart hits the gnoll but does no damage.
The gnoll is heavily wounded.
The gnoll hits you from afar with a +0 spear.
The gnoll hits you with a +0 whip.
* * * LOW HITPOINT WARNING * * *
Aiming: Magic Dart (safe; 1% risk of failure)
Press: ? - help, Q - select action Shift-Dir - straight line, f/p - gnoll
Aim: a gnoll, wielding a +0 whip (heavily wounded, 100% to hit)
The magic dart hits the gnoll.
The gnoll is severely wounded.
The gnoll hits you from afar with a +0 spear!
* * * LOW HITPOINT WARNING * * *
The gnoll attacks as you move away! The gnoll misses you.
It was a potion of curing.
You feel better.
The gnoll hits you from afar with a +0 spear.
* * * LOW HITPOINT WARNING * * *
The gnoll hits you with a +0 whip!
You die...

. #.# .. #.# ... '>#
......#.# #.# #......#)#
#.# #......#)#### #.#
#...8....g..# #.#
#...........# #.#
#........g@.# #.#
#####.#.........###.#####
###.....+.................#
......#.#.............###.#
#####.#''.............# #.#
#.............###.###.#
#....#'#........#...#.#
#....#.+........#####)#
#....###........#####.#


You could see 2 gnolls.

Vanquished Creatures
  A kobold brigand (D:4)
  A howler monkey (D:4)
  3 scorpion zombies (D:4)
  3 hound zombies (D:4)
  2 howler monkey zombies (D:4)
  7 adders
  4 gnolls (D:4)
  An ufetubus (D:4)
  An adder skeleton (D:4)
  2 adder zombies (D:4)
  2 worms (D:2)
  A dart slug (D:4)
  An orc (D:4)
  10 endoplasms
  A giant cockroach (D:2)
  7 goblins
  8 hobgoblins
  4 jackals (D:1)
  5 quokkas
  6 ball pythons
  4 bats
  4 frilled lizards
  9 kobolds
  6 rats (D:1)
93 creatures vanquished.

Notes
Turn   | Place    | Note
-------+----------+-------------------------------------------
     0 | D:1      | LustLizard the Octopode Conjurer began the quest for the
                  | Orb.
     0 | D:1      | Reached XP level 1. HP: 11/11 MP: 3/3
   144 | D:1      | Reached XP level 2. HP: 18/18 MP: 3/5
   515 | D:1      | Reached XP level 3. HP: 22/22 MP: 4/6
   583 | D:1      | Reached skill level 1 in Fighting
   800 | D:1      | Found Usmiuph's Antique Armour Boutique.
  1324 | D:2      | Reached XP level 4. HP: 12/28 MP: 1/7
  1411 | D:2      | Found a faded altar of an unknown god.
  2174 | D:3      | Learned a level 4 spell: Fulminant Prism
  3003 | D:4      | Reached XP level 5. HP: 34/34 MP: 1/8
  3076 | D:4      | Reached skill level 1 in Hexes
  3182 | D:4      | Reached skill level 5 in Conjurations
  3463 | D:4      | Reached XP level 6. HP: 37/39 MP: 3/10
  3993 | D:4      | Reached XP level 7. HP: 45/45 MP: 2/11
  4101 | D:4      | HP: 1/45 [gnoll/+0 spear (7)]
  4104 | D:4      | Slain by a gnoll

Illustrated notes

Levels and vault maps discovered:
D:1:      co_arrival_square_in_a_square_in_a_square, layout_rooms, serial_shops,
          nicolae_shop_tiny_glass
D:2:      layout_basic, shapermc_ecumenical_altar_notcrosses, minmay_quantized
D:3:      layout_basic
D:4:      layout_basic, serial_shops, shop, serial_undead, serial_undead_b,
          serial_undead_d, serial_undead_d, serial_undead_d

Skill      XL: |  1  2  3  4  5  6 |
---------------+-------------------+-----
Stealth        | 3 4 |  4.8
Fighting       | 1 2 |  2.6
Hexes          | 1 2 |  2.8
Conjurations   | 5 |  5.6
Spellcasting   | 3 |  3.2
Dodging        | |  2.0

Action                     |  1- 3 |  4- 6 |  7- 9 || total
---------------------------+-------+-------+-------++-------
  Melee: Unarmed           |    20 |    34 |       ||    54
         Tentacles         |     5 |    14 |       ||    19
         Constrict         |     3 |     8 |       ||    11
         Punch             |       |     1 |       ||     1
   Cast: Magic Dart        |    71 |   151 |    11 ||   233
    Use: Scroll            |       |     2 |       ||     2
         Potion            |       |       |     1 ||     1
 Armour: Skin              |     1 |     4 |       ||     5
  Dodge: Dodged            |    15 |    34 |     1 ||    50
